 Dungeon Crawl Stone Soup version 0.30.1-5-ged363bc7ee (webtiles) character file.

Game seed: 18037471647249785557

79102 Kurtz the Severer (level 15, 96/96 HPs)
             Began as a Tengu Fighter on Sept 19, 2023.
             Was the Champion of Okawaru.
             Quit the game on level 1 of the Elven Halls.
             The game lasted 00:39:20 (23208 turns).

Kurtz the Severer (Tengu Fighter)                  Turns: 23208, Time: 00:39:20

Health: 96/96      AC: 24    Str: 23    XL:     15   Next: 62%
Magic:  22/22      EV: 18    Int:  7    God:    Okawaru [******]
Gold:   1135       SH: 15    Dex: 24    Spells: 14/14 levels left

rFire   + . .        c - +3 broad axe (spect)
rCold   + + .        M - +1 kite shield of the Hills {+Blink rC++ Int-2 Dex+4}
rNeg    . . .        T - +4 plate armour "Rigeetah" {rElec rF+ Regen+}
rPois   .            (helmet restricted)
rElec   +            S - +2 cloak
rCorr   .            K - +0 pair of gloves
SInv    .            (boots unavailable)
Will    +....        (no amulet) Stlth
                     j - +6 ring of dexterity
HPRegen 1.16/turn    s - +5 ring of evasion
MPRegen 0.18/turn

%: no passive effects
@: flying quickly and evasively, quick
A: beak, talons 3, nimble flight
a: Renounce Religion, Evoke Blink, Heroism, Finesse, Duel


You were on level 1 of the Elven Halls.
You worshipped Okawaru.
Okawaru was exalted by your worship.
You visited 5 branches of the dungeon, and saw 25 of its levels.
You also visited: Ossuary and Bailey.

You collected 4034 gold pieces.
You spent 2899 gold pieces at shops.

Inventory:

Hand Weapons
 c - a +3 spectral broad axe (weapon)
 J - a +2 whip of freezing
Missiles
 m - 69 poisoned darts
 P - 13 curare-tipped darts (quivered)
Armour
 g - the +4 ring mail "Faug" {rF++ Int-3}
   (You found it on level 9 of the Dungeon)

   Int:       It affects your intelligence (-3).
   rF:        It greatly protects you from fire.
 K - a +0 pair of gloves (worn)
 M - the +1 kite shield of the Hills (worn) {+Blink rC++ Int-2 Dex+4}
   (You bought it in a shop on level 13 of the Dungeon)

   Int:       It affects your intelligence (-2).
   Dex:       It affects your dexterity (+4).
   rC:        It greatly protects you from cold.
   +Blink:    It lets you blink.
 S - a +2 cloak (worn)
 T - the +4 plate armour "Rigeetah" (worn) {rElec rF+ Regen+}
   (You found it on level 6 of the Dungeon)

   rF:        It protects you from fire.
   rElec:     It insulates you from electricity.
   Regen:     It increases your rate of health regeneration.
Jewellery
 a - a +6 ring of intelligence
 j - a +6 ring of dexterity (left hand)
 s - a +5 ring of evasion (right hand)
 w - a ring of ice
 E - the ring of the Tick {Ice *Slow Str+6 SInv}
   (You found it on level 13 of the Dungeon)

   [ring of ice]

   It enhances your ice magic.
   Str:       It affects your strength (+6).
   rF:        It makes you vulnerable to fire.
   rC:        It protects you from cold.
   SInv:      It lets you see invisible.
   *Slow:     It may slow you when you take damage.
 R - a ring of protection from fire
 U - a ring of wizardry
Wands
 y - a wand of flame (75)
 L - a wand of acid (7)
 N - a wand of digging (10)
 V - a wand of iceblast (7)
Scrolls
 h - 5 scrolls of silence
 k - 4 scrolls of immolation
 l - 4 scrolls of fear
 n - 5 scrolls of noise
 q - 10 scrolls of teleportation
 t - 4 scrolls of fog
 x - 6 scrolls of blinking
 A - 2 scrolls of enchant armour
 H - 4 scrolls of poison
 O - a scroll of torment
 Q - 2 scrolls of summoning {unknown}
 W - 2 scrolls of magic mapping
Potions
 b - 4 potions of lignification {unknown}
 d - 4 potions of might
 f - 4 potions of haste
 i - 8 potions of curing
 o - 3 potions of cancellation
 p - 2 potions of invisibility {unknown}
 r - 8 potions of heal wounds
 u - 3 potions of magic {unknown}
 v - 7 potions of brilliance
 z - 3 potions of berserk rage
 B - a potion of resistance
 G - a potion of ambrosia
 I - 4 potions of mutation
Miscellaneous
 e - a phial of floods
 D - a lightning rod (4/4)


   Skills:
 * Level 12.1 Fighting
 - Level 18.2 Axes
 * Level 12.1 Armour
 * Level 7.4 Dodging
 - Level 0.6 Stealth
 * Level 11.3 Shields
 * Level 8.0 Invocations


You had 14 spell levels left.
You didn't know any spells.
Your spell library contained the following spells:

 Spells                   Type           Power      Damage    Failure   Level
 Foxfire                  Conj/Fire      0%         2x1d4     100%        1
 Freeze                   Ice            0%         1d3       100%        1
 Ensorcelled Hibernation  Hex/Ice        0%         N/A       100%        2
 Passwall                 Tmut/Erth      0%         N/A       100%        2
 Dazzling Flash           Conj/Hex       0%         N/A       100%        3
 Frozen Ramparts          Ice            0%         1d1       100%        3
 Ozocubu's Armour         Ice            0%         N/A       100%        3
 Swiftness                Air            0%         N/A       100%        3
 Leda's Liquefaction      Hex/Erth       0%         N/A       100%        4
 Agony                    Necr           0%         N/A       100%        5
 Fireball                 Conj/Fire      0%         3d3       100%        5
 Lee's Rapid Deconstruct  Erth           0%         3d4*      100%        5
 Silence                  Hex/Air        0%         N/A       100%        5
 Plasma Beam              Fire/Air       0%         2x1d11    100%        6
 Starburst                Conj/Fire      0%         6d3       100%        6
 Statue Form              Tmut/Erth      0%         N/A       100%        6
 Storm Form               Tmut/Air       0%         N/A       100%        7
 Maxwell's Capacitive Co  Air            0%         ∞         100%        8
 Summon Lightning Spire   Summ/Air       Unusable   N/A       N/A         4
 Simulacrum               Ice/Necr       Unusable   N/A       N/A         6

Dungeon Overview and Level Annotations

Branches:
Dungeon (15/15)            Temple (1/1) D:5            Lair (5/5) D:9
 Shoals (0/4) Lair:3        Snake (0/4) Lair:3        Slime (0/5) Lair:4
    Orc (2/2) D:12            Elf (2/3) Orc:2        Vaults (0/5) D:13
Ossuary (visited)          Bailey (visited)
 Depths: D:15

Altars:
Ashenzari
Cheibriados
Dithmenos
Elyvilon
Fedhas
Gozag
Hepliaklqana
Kikubaaqudgha
Makhleb
Okawaru
Qazlal
Sif Muna
Uskayaw
Wu Jian
Xom
Yredelemnul
Zin
The Shining One
Jiyva
Lugonu

Shops:
D:2 [   D:3 [   D:9 *   D:11 *   D:13 [   Orc:1 (   Orc:2 [(:*   Elf:1 *

Portals:
Abyss: D:7
Trove: D:10 (give +3 storm dragon scales)

Annotations:
Lair:2 exclusion: downstairs
Elf:2 exclusion: orange crystal statue


Innate Abilities, Weirdness & Mutations

You have a beak for a mouth.
You have claws for feet.
Your magical nature lets you fly swiftly and evasively.


Message History

The stunning burst hits you but does no damage.
The air elemental hits you. x2
You can move again.
You slash the air elemental!
You destroy the air elemental!
Okawaru accepts your kill.
You start resting.
HP restored.
Things that are here:
a +0 long sword; a +1 chain mail of poison resistance Done exploring.
Done exploring.
Done exploring.
(D) Dungeon (T) Temple (L) Lair (A) Shoals (P) Snake Pit (M) Slime Pits (O) Orcish Mines (E) Elven Halls (V) Vaults
Where to? (Enter - Elf:2, ? - help)
There is a stone staircase leading down here.
You fly downwards.
You hear a distant wind.
There is a portal to the Desolation of Salt on this level.
Hurry and find it before the gateway collapses!
The deep elf archer shouts!
The deep elf knight shouts!
The deep elf zephyrmancer shouts!
The deep elf knight shouts!
The deep elf archer shouts!
You hear a shout!
Marking area around an orange crystal statue as unsafe for travelling.
Found five items.
There is a stone staircase leading up here.
Unknown command.
The deep elf knight gestures wildly while chanting.
The deep elf knight seems to speed up.
The deep elf pyromancer mumbles some strange words.
The deep elf pyromancer blinks!
The orange crystal statue glitters.
You resist with almost no effort.
The deep elf archer points at you and mumbles some strange words.
You resist with some effort.
You fly upwards.
There is a stone staircase leading down here.
Unknown command.
Are you sure you want to abandon this character and quit the game? (Confirm with "yes".)

####.##########.#.#.#.#.####...##
........................##.......
#####.#########.#.#.#.#..........
......# #...................
####..# ##..#.#.#.#..#.......
..##..# #...........##.......
......#######.#.#.#.#.#..#.......
..##.....................#.......
####..##########@........##......
#..# #.)......###.#.... ####..#
#...[.....##.###.. .[....#
##.............##.# .####.######
#.................. ...........#
#.................. .####.####.#
#.....>........##.. ..###.# #.#
##............)#...
##.##.####.#####.........##..#)#.


There were no monsters in sight!

Vanquished Creatures
  Jorgrun (D:14)
  An orc warlord (Orc:1)
  3 hydras
  3 centaur warriors
  2 boulder beetles
  3 catoblepae (Lair:5)
  4 two-headed ogres
  6 dancing weapons (Elf:1)
  14 death yaks
  2 orc high priests
  Urug (D:13)
  2 deep elf knights (Elf:1)
  Sonja (Lair:3)
  2 skysharks
  A deep elf archer (Elf:1)
  A necromancer (D:13)
  8 deep elf pyromancers
  5 deep elf zephyrmancers (Elf:1)
  A wizard (D:13)
  4 orc knights
  4 orc sorcerers (Orc:2)
  7 ugly things
  A cyclops (D:11)
  3 manticores
  12 elephants
  3 gargoyles
  2 cane toads
  6 komodo dragons
  3 kobold demonologists
  3 rime drakes
  A freezing wraith (D:14)
  4 trolls
  Grinder (D:5)
  A dream sheep (shapeshifter) (Elf:1)
  6 dream sheep (Lair:4)
  25 blink frogs
  2 air elementals (Elf:1)
  46 yaks
  A shadow (D:13)
  7 wyverns
  Eustachio (D:5)
  A vampire (D:11)
  A steam dragon (D:9)
  2 wraiths
  3 basilisks
  5 vampire mosquitoes
  Menkaure (D:7)
  A warg (Orc:2)
  5 nagas (Lair:3)
  Duvessa (D:5)
  16 water moccasins
  4 ice beasts
  33 orc warriors
  6 black bears
  14 ogres
  A phantom (D:5)
  10 centaurs
  9 kobold brigands
  5 bullfrogs
  3 gnoll sergeants (D:12)
  2 scorpions
  An earth elemental (Elf:1)
  12 wights
  Dowan (D:5)
  8 killer bees (D:10)
  A howler monkey (D:11)
  An electric eel (Lair:5)
  2 jellies
  12 orc priests
  Crazy Yiuf (D:7)
  A hound (D:5)
  A gnoll bouda (D:7)
  2 iguanas (D:6)
  A sleepcap (D:6)
  27 orc wizards
  4 mummies (Ossuary)
  Robin (D:3)
  5 gnolls
  5 adders
  A shadow imp (D:6)
  A white imp (D:6)
  2 ufetubi (D:4)
  A dart slug (D:4)
  2 worms
  67 orcs
  3 bats
  9 endoplasms
  A giant cockroach (D:1)
  4 gnoll zombies (Ossuary)
  9 hobgoblins
  7 jackals
  25 kobolds
  2 quokkas
  13 ball pythons
  2 frilled lizards
  5 gnoll skeletons (Ossuary)
  15 goblins
  4 goblin skeletons (Ossuary)
  9 goblin zombies (Ossuary)
  2 hobgoblin skeletons (Ossuary)
  2 hobgoblin zombies (Ossuary)
  4 kobold skeletons (Ossuary)
  2 kobold zombies (Ossuary)
  5 orc skeletons (Ossuary)
  4 orc zombies (Ossuary)
  4 rats
  5 rat skeletons (Ossuary)
  4 rat zombies (Ossuary)
  A lurking horror (D:7)
628 creatures vanquished.

Vanquished Creatures (others)
  A lurking horror (D:7)
  5 spectral weapons
6 creatures vanquished.

Grand Total: 634 creatures vanquished

Notes
Turn   | Place    | Note
-------+----------+-------------------------------------------
     0 | D:1      | Kurtz the Tengu Fighter began the quest for the Orb.
     0 | D:1      | Reached XP level 1. HP: 14/14 MP: 2/2
   329 | D:1      | Reached XP level 2. HP: 15/19 MP: 3/3
   692 | D:1      | Found a faded altar of an unknown god.
  1046 | D:2      | Found Ybbuc's Armour Shoppe.
  1158 | D:2      | Reached XP level 3. HP: 23/23 MP: 4/4
  1975 | D:3      | Found an ancient bone altar of Kikubaaqudgha.
  1977 | D:3      | Found a stormy altar of Qazlal.
  1988 | D:3      | Reached skill level 3 in Axes
  1988 | D:3      | Reached XP level 4. HP: 15/28 MP: 5/5
  2225 | D:3      | Found a broken altar of Ashenzari.
  2267 | D:3      | Found a glowing golden altar of the Shining One.
  2477 | D:3      | Noticed Robin
  2487 | D:3      | Killed Robin
  2488 | D:3      | Gained mutation: Your magical nature lets you fly swiftly
                  | and evasively. [Tengu growth]
  2488 | D:3      | Reached XP level 5. HP: 22/32 MP: 6/6
  2625 | D:3      | Reached skill level 4 in Axes
  2684 | D:3      | Found Poloum's Antique Armour Emporium.
  3271 | D:4      | Reached XP level 6. HP: 35/38 MP: 7/7
  3633 | D:5      | Entered Level 5 of the Dungeon
  3644 | D:5      | Found a staircase to the Ecumenical Temple.
  3695 | D:5      | Reached skill level 5 in Axes
  3719 | Temple   | Entered the Ecumenical Temple
  3766 | Temple   | Became a worshipper of Warmaster Okawaru
  3802 | D:5      | Noticed Grinder
  3914 | D:5      | Noticed a water moccasin
  3922 | D:4      | Killed a water moccasin
  3923 | D:4      | Reached skill level 6 in Axes
  4086 | D:5      | Noticed Eustachio
  4125 | D:6      | Noticed an orc warrior
  4142 | D:6      | Killed an orc warrior
  4143 | D:6      | Reached XP level 7. HP: 32/43 MP: 8/8
  4143 | D:6      | Reached * piety under Okawaru
  4146 | D:6      | Reached skill level 7 in Axes
  4265 | D:6      | Reached skill level 8 in Axes
  4319 | D:6      | Identified the +3 dagger "Ijufad" {heavy, rElec Dex+2}
  4371 | D:6      | Found an opulent altar of Gozag.
  4441 | D:6      | Identified the +4 plate armour "Rigeetah" {rElec rF+
                  | Regen+}
  4557 | D:5      | Reached ** piety under Okawaru
  4558 | D:5      | Reached XP level 8. HP: 30/48 MP: 9/9
  4674 | D:5      | Noticed Duvessa
  4674 | D:5      | Noticed Dowan
  4681 | D:5      | Reached skill level 9 in Axes
  4693 | D:5      | Killed Duvessa
  4697 | D:5      | Killed Dowan
  4871 | D:5      | Killed Grinder
  4872 | D:5      | Reached skill level 10 in Axes
  4921 | D:5      | Reached skill level 1 in Invocations
  5036 | D:5      | Reached skill level 11 in Axes
  5095 | D:5      | Reached *** piety under Okawaru
  5096 | D:5      | Reached XP level 9. HP: 40/52 MP: 9/11
  5153 | D:5      | Killed Eustachio
  5865 | D:7      | Reached skill level 12 in Axes
  5893 | D:7      | Found a sand-covered staircase.
  5899 | Ossuary  | Entered an ossuary
  6364 | D:7      | Found a one-way gate to the infinite horrors of the Abyss.
  6548 | D:7      | Found a corrupted altar of Lugonu.
  7105 | D:7      | Noticed Menkaure
  7108 | D:7      | Killed Menkaure
  7109 | D:7      | Reached skill level 13 in Axes
  7271 | D:7      | Found a runed translucent door.
  7272 | D:7      | Noticed Crazy Yiuf
  7554 | D:8      | Found a shadowy altar of Dithmenos.
  7571 | D:8      | Reached **** piety under Okawaru
  7650 | D:8      | Reached XP level 10. HP: 53/56 MP: 13/13
  8010 | D:9      | Found Qurrepai's General Store.
  8013 | D:9      | Bought a potion of mutation for 112 gold pieces
  8032 | D:9      | Reached skill level 14 in Axes
  8372 | D:9      | Found a staircase to the Lair.
  8838 | D:9      | Identified the +4 ring mail "Faug" {rF++ Int-3}
  8853 | D:9      | Reached skill level 15 in Axes
  8899 | D:9      | Identified the +4 ring mail "Taboq" {Str+4 Dex-2}
  9083 | D:9      | Reached ***** piety under Okawaru
  9459 | D:2      | Bought a +4 plate armour of fire resistance for 600 gold
                  | pieces
  9655 | D:7      | Killed Crazy Yiuf
  9768 | D:7      | Identified the +4 hammer of the Thieving Ancients {heavy,
                  | rC+ Will+ Stlth+}
  9992 | D:10     | Entered Level 10 of the Dungeon
 10069 | D:10     | Reached skill level 16 in Axes
 10115 | D:10     | Reached XP level 11. HP: 41/61 MP: 11/14
 10316 | D:10     | Found a flagged portal.
 10347 | Bailey   | Entered a bailey
 10409 | Bailey   | Received a gift from Okawaru
 10729 | Bailey   | Noticed an orc knight
 10759 | Bailey   | Killed an orc knight
 10760 | Bailey   | Reached skill level 17 in Axes
 10774 | Bailey   | Found a bloodstained altar of Trog.
 10926 | D:10     | Noticed a two-headed ogre
 10944 | D:10     | Killed a two-headed ogre
 10944 | D:10     | Identified the +0 robe of Life {Fly rElec} (Okawaru gifted
                  | it to you on level 10 of the Dungeon)
 10944 | D:10     | Received a gift from Okawaru
 11283 | D:10     | Found a portal to a secret trove of treasure.
 11560 | D:11     | Noticed a boulder beetle
 11569 | D:10     | Killed a boulder beetle
 12006 | D:11     | Noticed a two-headed ogre
 12020 | D:11     | Killed a two-headed ogre
 12021 | D:11     | Reached skill level 18 in Axes
 12110 | D:11     | Noticed a cyclops
 12122 | D:11     | Killed a cyclops
 12165 | D:11     | Reached skill level 1 in Dodging
 12236 | D:11     | Found Bovvir's Assorted Antiques.
 12241 | D:11     | Noticed a boulder beetle
 12253 | D:11     | Killed a boulder beetle
 12338 | D:11     | Noticed a red ugly thing
 12351 | D:11     | Killed a red ugly thing
 12579 | D:12     | Reached skill level 5 in Armour
 12579 | D:12     | Reached XP level 12. HP: 60/68 MP: 16/16
 12987 | D:12     | Reached skill level 5 in Fighting
 13049 | D:12     | Reached skill level 5 in Invocations
 13257 | D:12     | Found a staircase to the Orcish Mines.
 13576 | D:13     | Noticed Urug
 13591 | D:13     | Killed Urug
 13730 | D:13     | Found Bisono's Armour Emporium.
 13737 | D:13     | Bought the +1 kite shield of the Hills {+Blink rC++ Int-2
                  | Dex+4} for 678 gold pieces
 13786 | D:13     | Noticed a centaur warrior
 13794 | D:13     | Killed a centaur warrior
 13889 | D:13     | Reached skill level 5 in Shields
 13955 | D:13     | Noticed a two-headed ogre
 13961 | D:13     | Killed a two-headed ogre
 13961 | D:13     | Received a gift from Okawaru
 14110 | D:13     | Found a gate to the Vaults.
 14253 | D:13     | Noticed a two-headed ogre
 14253 | D:13     | Noticed a centaur warrior
 14268 | D:13     | Killed a two-headed ogre
 14270 | D:13     | Killed a centaur warrior
 14375 | D:13     | Identified the ring of the Tick {Ice *Slow Str+6 SInv}
 14608 | D:14     | Noticed a centaur warrior
 14611 | D:14     | Killed a centaur warrior
 14807 | D:14     | Noticed Jorgrun
 14816 | D:14     | Killed Jorgrun
 14817 | D:14     | Reached XP level 13. HP: 13/76 MP: 11/18
 14951 | D:14     | Received a gift from Okawaru
 15308 | D:15     | Entered Level 15 of the Dungeon
 15394 | Lair:1   | Entered Level 1 of the Lair of Beasts
 15603 | Lair:1   | Identified the +1 dagger of Evolution {drain, rElec rF+
                  | Str+3 Dex+2}
 17130 | Lair:2   | Received a gift from Okawaru
 17133 | Lair:2   | Reached skill level 5 in Dodging
 17363 | Lair:3   | Found a staircase to the Shoals.
 17363 | Lair:3   | Noticed Sonja
 17416 | Lair:3   | Reached ****** piety under Okawaru
 17431 | Lair:3   | Killed Sonja
 17468 | Lair:3   | Identified the +1 buckler of Rationality {+Blink rPois
                  | rN+++ Str-4} (Okawaru gifted it to you on level 3 of the
                  | Lair of Beasts)
 17468 | Lair:3   | Received a gift from Okawaru
 17602 | Lair:3   | Found a staircase to the Snake Pit.
 17856 | Lair:3   | Reached skill level 10 in Armour
 18180 | Lair:4   | Reached XP level 14. HP: 79/84 MP: 17/20
 18768 | Lair:4   | Found a staircase to the Slime Pits.
 18768 | Lair:4   | Found a viscous altar of Jiyva.
 18835 | Lair:4   | Identified the +1 robe "Kymaocw" {+Inv rC- SInv Archmagi}
                  | (Okawaru gifted it to you on level 4 of the Lair of Beasts)
 18835 | Lair:4   | Received a gift from Okawaru
 19161 | Lair:5   | Entered Level 5 of the Lair of Beasts
 19379 | Lair:5   | Reached skill level 10 in Fighting
 19735 | Lair:5   | Reached skill level 10 in Shields
 19892 | Lair:5   | Identified the +3 chain mail of Virtue {Rampage rElec rN++}
                  | (Okawaru gifted it to you on level 5 of the Lair of Beasts)
 19892 | Lair:5   | Received a gift from Okawaru
 20466 | Orc:1    | Entered Level 1 of the Orcish Mines
 20476 | Orc:1    | Reached XP level 15. HP: 89/93 MP: 21/21
 20604 | Orc:1    | Found Ymmac's Weapon Boutique.
 20931 | Orc:2    | Entered Level 2 of the Orcish Mines
 20980 | Orc:2    | Paralysed by an orc sorcerer for 4 turns
 21012 | Orc:2    | Found a staircase to the Elven Halls.
 21067 | Orc:2    | Noticed an orc warlord
 21204 | Orc:1    | Killed an orc warlord
 21303 | Orc:2    | Found Nan Quumm's Antique Armour Boutique.
 21304 | Orc:2    | Paralysed by an orc sorcerer for 2 turns
 21322 | Orc:2    | Found Ewoseow's General Store.
 21687 | Orc:2    | Found Ozehuav's Antique Weapon Boutique.
 21710 | Orc:2    | Found Ruwyi's Book Boutique.
 21901 | D:11     | Bought a potion of haste for 280 gold pieces
 21951 | D:9      | Bought a potion of curing for 42 gold pieces
 21951 | D:9      | Bought a potion of haste for 140 gold pieces
 21951 | D:9      | Bought a potion of curing for 42 gold pieces
 21951 | D:9      | Bought a scroll of magic mapping for 105 gold pieces
 21951 | D:9      | Bought a phial of floods for 560 gold pieces
 21951 | D:9      | Bought a potion of cancellation for 112 gold pieces
 22035 | Elf:1    | Entered Level 1 of the Elven Halls
 22239 | Elf:1    | Got the Atlas of Cryomancy
 22258 | Elf:1    | Found Ypyap's Assorted Antiques.
 22303 | Elf:1    | Bought a potion of heal wounds for 130 gold pieces
 22303 | Elf:1    | Bought a scroll of identify for 52 gold pieces
 22303 | Elf:1    | Bought a dark potion for 23 gold pieces
 22303 | Elf:1    | Bought a purple potion for 23 gold pieces
 22404 | Elf:1    | Paralysed by an air elemental for 1 turns
 23054 | Elf:1    | Paralysed by an air elemental for 1 turns
 23059 | Elf:1    | Paralysed by an air elemental for 1 turns
 23208 | Elf:1    | Quit the game

Illustrated notes

Levels and vault maps discovered:
D:1:      sevenhm_arrival_forest_fort_large_3, layout_loops_ring,
          shapermc_ecumenical_altar_mp_ritualfount,
          chequers_serial_rivers_large_b
D:2:      layout_basic, serial_shops, shop
D:3:      layout_basic, grunt_temple_overflow_open, serial_shops, shop,
          chequers_garden, minmay_gold_behind_fungi, minmay_misc_feat_x,
          uniq_robin
D:4:      layout_cave_pools, corexii_hall_statues_l
D:5:      layout_rooms, minmay_temple_entry_junction, uniq_eustachio,
          uniq_grinder, uniq_duvessa
D:6:      layout_basic, grunt_gozag_breadcrumbs, dk_noncrumbling_3
D:7:      layout_cave_pods, nicolae_ossuary_entry_plus,
          amcnicky_altar_lugonu_corruption, uniq_crazy_yiuf_cottage,
          uniq_menkaure
D:8:      lemuel_ice_spiral_2, layout_rooms, grunt_dithmenos_smoke_and_mirrors
D:9:      layout_loops_ring, due_lair_maze_entry_diamond, serial_shops,
          kennysheep_mini, nicolae_kite_square_tiling_tiny
D:10:     minmay_recursive_quarters, layout_rooms, enter_trove_6, enter_bailey_3
D:11:     layout_rooms, serial_shops, shop
D:12:     layout_grid_maze, kennysheep_orc_monster_closet_entryway
D:13:     layout_loops_cross, david_vaults_1, serial_shops,
          nicolae_shop_advertising_works [nicolae_subvault_shop_adworks],
          uniq_urug
D:14:     layout_long_grid, roderic_lattice_octagonal_star, uniq_jorgrun
D:15:     grunt_enter_depths_hoard, layout_cave_pools, dk_noncrumbling_2,
          gammafunk_ghost_necromancy, worms_lemuel
Temple:   nicolae_temple_bog_church
Lair:1:   layout_layer_cave
Lair:2:   layout_cave_pods, lemuel_fruit_fields, lemuel_fruit_fields
Lair:3:   layout_small_grid, minmay_shoals_entry_centaurs,
          minmay_snake_entry_guardpost_large, uniq_sonja
Lair:4:   layout_cave_pods, slime_entry_1, grunt_forest_stairs_basic
Lair:5:   evilmike_catoblepas_cave, layout_gridlike, minivault_11
Orc:1:    layout_caves, serial_shops, nicolae_shop_tiny_glass, basic_altar,
          mines2_lemuel
Orc:2:    grunt_orc_cross, layout_diamond_mine
Elf:1:    eino_elf_arrival_customs, layout_loops_ring, serial_co_window_serial,
          co_window_paths_a, co_window_corner_a, co_window_corner_a,
          co_window_paths_a, co_window_of_opportunity_a, co_window_paths_a,
          co_window_paths_b, co_window_of_opportunity_c, co_window_broadway_a,
          co_window_broadway_b, co_window_2corner, co_window_broadway_c,
          co_window_unsneaky_path_b, glass_columns_c, glass_columns_a,
          glass_columns_c, serial_shops, shop
Elf:2:    nicolae_elf_blades_splatter_lattice
          [nicolae_blade_entry_hurt_lockers], layout_loops_corners,
          portal_desolation_entry_nicolae_slug, minivault_16

Skill      XL: |  1  2  3  4  5  6  7  8  9 10 11 12 13 14 15 |
---------------+----------------------------------------------+-----
Axes           | 3 4 6 8 11 13 16 18 | 18.2
Armour         | 4 5 7 10 11 12 | 12.1
Fighting       | 4 7 8 10 12 | 12.1
Invocations    | 1 2 3 4 5 6 7 8 |  8.0
Dodging        | 2 4 5 6 7 |  7.4
Shields        | 4 6 8 10 11 | 11.3
Stealth        | |  0.6

Action                     |  1- 3 |  4- 6 |  7- 9 | 10-12 | 13-15 || total
---------------------------+-------+-------+-------+-------+-------++-------
  Melee: War axe           |    84 |   104 |   278 |   492 |       ||   958
         Peck              |    15 |    13 |    57 |   125 |   158 ||   368
         Kick              |    14 |    30 |    94 |   209 |   244 ||   591
         Broad axe         |       |       |       |    25 |   590 ||   615
         Whip              |       |       |       |       |    27 ||    27
  Throw: Dart              |       |       |       |    21 |     1 ||    22
 Invoke: Heroism           |       |       |     3 |     9 |     6 ||    18
         Finesse           |       |       |       |     1 |       ||     1
  Evoke: Wand              |       |       |     2 |     5 |     6 ||    13
    Use: Potion            |     1 |     2 |       |     2 |       ||     5
         Scroll            |       |       |       |    21 |     6 ||    27
   Stab: Distracted        |       |     1 |       |       |    14 ||    15
         Petrified         |       |       |       |       |     1 ||     1
 Armour: Scale mail        |     3 |       |       |       |       ||     3
         Plate armour      |    80 |    72 |    62 |   165 |   161 ||   540
         Ring mail         |       |       |       |     5 |       ||     5
  Dodge: Dodged            |    27 |    37 |   107 |   242 |   227 ||   640
  Block: Buckler           |    24 |    21 |    47 |   128 |       ||   220
         Kite shield       |       |       |       |    43 |   310 ||   353
